 Dungeon Crawl Stone Soup version 0.29-a0-609-gb56f46d856 (webtiles) character file.

Game seed: 9140597007109988380

79 KristoblXynda the Skirmisher (level 4, -2/52 HPs)
             Began as a Demonspawn Berserker on June 16, 2022.
             Was a Believer of Trog.
             Shot with a sling bullet by a goblin (3 damage)
             ... led by Robin
             ... on level 2 of the Dungeon.
             The game lasted 00:01:23 (1512 turns).

KristoblXynda the Skirmisher (Demonspawn Berserker) Turns: 1512, Time: 00:01:24

Health: -2/52      AC:  2    Str: 23    XL:     4   Next: 16%
Magic:  4/4        EV: 12    Int:  8    God:    Trog [**....]
Gold:   70         SH:  0    Dex: 15    Spells: 3/3 levels left

rFire   . . .      SeeInvis .   k - +0 war axe
rCold   . . .      Faith    .   (no shield)
rNeg    + . .      Spirit   .   b - +0 animal skin
rPois   .          Reflect  .   (no helmet)
rElec   .          Harm     .   (no cloak)
rCorr   .          Rampage  .   (no gloves)
Will    .....                   (no boots)
Stlth   ..........              (no amulet)
HPRegen 0.17/turn               d - +6 ring of strength
MPRegen 0.18/turn               l - ring of positive energy

@: berserking, very quick
A: foul stench 1, magic regeneration
a: Renounce Religion, Berserk, Trog's Hand


You were on level 2 of the Dungeon.
You worshipped Trog.
Trog was pleased with you.
You visited 1 branch of the dungeon, and saw 2 of its levels.

You collected 70 gold pieces.

Inventory:

Hand Weapons
 k - a +0 war axe (weapon)
Armour
 b - a +0 animal skin (worn)
Jewellery
 d - a +6 ring of strength (left hand)
 f - a ring of ice
 l - a ring of positive energy (right hand)
Scrolls
 c - a scroll of enchant weapon {unknown}
 e - a scroll of immolation {unknown}
 h - a scroll of fog {unknown}
 i - 2 scrolls of identify {unknown}
 o - a scroll of silence {unknown}
Potions
 a - a potion of curing {unknown}
 g - a potion of lignification {unknown}
 j - a potion of ambrosia {unknown}
 m - 2 potions of magic {unknown}
 n - a potion of mutation {unknown}


   Skills:
 + Level 3.5 Fighting
 + Level 3.2 Axes
 + Level 2.5 Armour
 + Level 2.5 Dodging


You had 3 spell levels left.
You didn't know any spells.
Your spell library was empty.

Dungeon Overview and Level Annotations

Branches:
Dungeon (2/15)

Altars:


Innate Abilities, Weirdness & Mutations

You may rarely emit foul miasma when damaged in melee.
You regenerate magic rapidly.


Message History

A red film seems to cover your vision as you go berserk!
You feel yourself moving faster!
You feel mighty! The goblin hits you with a +0 club. The hobgoblin hits you. x2
The goblin hits you with a +0 club.
The goblin shoots a sling bullet.
The sling bullet barely misses you.
A worm comes into view.
You slash the hobgoblin!
You kill the hobgoblin!
Trog accepts your kill.
You closely miss the goblin. You barely miss the goblin.
You slash the hobgoblin!
You kill the hobgoblin!
Trog accepts your kill.
You barely miss the goblin. The goblin closely misses you.
The goblin hits you with a +0 club. The goblin barely misses you.
The goblin shoots a sling bullet.
The sling bullet hits you.
* * * LOW HITPOINT WARNING * * *
You hit the goblin.
You kill the goblin!
Trog accepts your kill.
You hit the goblin.
You kill the goblin!
Trog accepts your kill.
You miss the goblin. You barely miss the goblin.
The goblin hits you with a +0 club.
* * * LOW HITPOINT WARNING * * *
The goblin hits you with a +0 club.
* * * LOW HITPOINT WARNING * * *
The goblin shoots a sling bullet.
The sling bullet hits you.
* * * LOW HITPOINT WARNING * * *
You barely miss the goblin. You slash the goblin!
You kill the goblin!
Trog accepts your kill. The goblin hits you with a +0 club.
* * * LOW HITPOINT WARNING * * *
Unknown command.
You closely miss the goblin.
The goblin no longer looks unusually strong.
The goblin shoots a sling bullet.
The sling bullet hits you.
You die...

##### ######### ....#
##........ ....######
#......... .........#
#..$...... .........#
####.........
.........###............
................)g......
...............)@)......
...............)))......
..#.........###...g.....
..+.....................
..#.....................
..#...##................
...... #.............w..
... .............. ...
..


You could see a worm and 2 goblins.

Vanquished Creatures
  Robin (D:2)
  An adder (D:2)
  4 dart slugs
  7 ball pythons
  5 bats (D:1)
  2 endoplasms
  9 goblins
  4 hobgoblins
  2 kobolds (D:2)
  3 quokkas
  2 frilled lizards (D:1)
  9 rats
49 creatures vanquished.

Notes
Turn   | Place    | Note
-------+----------+-------------------------------------------
     0 | D:1      | KristoblXynda the Demonspawn Berserker began the quest for
                  | the Orb.
     0 | D:1      | Reached XP level 1. HP: 18/18 MP: 1/1
   198 | D:1      | Gained mutation: You may rarely emit foul miasma when
                  | damaged in melee. [demonic ancestry]
   198 | D:1      | Reached XP level 2. HP: 18/24 MP: 2/2
   733 | D:1      | Reached XP level 3. HP: 26/29 MP: 3/3
  1194 | D:2      | Reached ** piety under Trog
  1499 | D:2      | Noticed Robin
  1505 | D:2      | Killed Robin
  1506 | D:2      | Gained mutation: You regenerate magic rapidly. [demonic
                  | ancestry]
  1506 | D:2      | Reached XP level 4. HP: 25/35 MP: 4/4
  1511 | D:2      | HP: 1/52 [goblin/+0 club[Robin] (6)]
  1512 | D:2      | Shot with a sling bullet by a goblin

Illustrated notes

Levels and vault maps discovered:
D:1:      eino_arrival_cavern_b, layout_basic
D:2:      layout_basic, uniq_robin

Skill      XL: |  1  2 |
---------------+-------+-----
Armour         | 2 |  2.5
Dodging        | 2 |  2.5
Axes           | 3 |  3.2
Fighting       | |  3.5

Action                   |  1- 3 |  4- 6 || total
-------------------------+-------+-------++-------
Melee: Hand axe          |    55 |       ||    55
       War axe           |    21 |     6 ||    27
Invok: Berserk           |       |     1 ||     1
Armor: Animal skin       |    14 |     2 ||    16
Dodge: Dodged            |    58 |     7 ||    65

Table legend: (Time is in decaauts)
 A = Elapsed time spent in this place.
 B = Non-inter-level travel time spent in this place.
 C = Inter-level travel time spent in this place.
 D = Time resting spent in this place.
 E = Time spent auto-exploring this place.
 F = Levels seen in this place.
 G = Mean time per level.
                   A        B        C        D        E       F      G
               +--------+--------+--------+--------+--------+-----+--------+
         Total |   1528 |   1514 |     14 |    244 |    992 |   2 |  764.0 |
       Dungeon |   1528 |   1514 |     14 |    244 |    992 |   2 |  764.0 |
               +--------+--------+--------+--------+--------+-----+--------+

Top non-repeatable levels by time:
     D:1: 854 daAuts
     D:2: 673 daAuts
